 Dungeon Crawl Stone Soup version 0.31-a0-983-g7b6862f502 (webtiles) character file.

Game seed: 7351519540519726086

538 lunkers the Ruffian (level 6, -3/69 HPs)
             Began as a Demigod Shapeshifter on Nov 2, 2023.
             Succumbed to a water moccasin's poison
             ... on level 5 of the Dungeon.
             The game lasted 00:05:32 (2667 turns).

lunkers the Ruffian (Demigod Shapeshifter)          Turns: 2667, Time: 00:05:33

Health: -3/69      AC: 23    Str: 19    XL:     6   Next: 75%
Magic:  8/8        EV:  2    Int: 12    God:
Gold:   158        SH:  0    Dex: 17    Spells: 5/5 levels left

rFire   . .          .
                       - Unarmed
rCold   . . .        (no shield)
rNeg    . . .        k - melded +1 leather armour {rC+}
rPois   +            (helmet currently unavailable)
rElec   .            (cloak currently unavailable)
rCorr   .            (gloves currently unavailable)
SInv    .            (boots currently unavailable)
Will    .....        (no amulet)
Stlth   ++           (no ring)
HPRegen 0.31/turn    (no ring)
MPRegen 0.11/turn

%: no passive effects
@: lethally poisoned (-3 -> -23), tree-form
A: stationary, stasis, torment immunity, boosted hp, high MP 1, forlorn, divine
attributes
a: no special abilities


You were on level 5 of the Dungeon.
You were a tree.
You visited 1 branch of the dungeon, and saw 5 of its levels.

You collected 158 gold pieces.

Inventory:

Armour
 k - a +1 leather armour of cold resistance (melded)
 m - a +0 pair of boots
Talismans
 c - a beast talisman
 d - a flux talisman
Wands
 b - a wand of paralysis (2)
Scrolls
 a - a scroll of brand weapon {unknown}
 f - a scroll of poison
 h - 4 scrolls of identify {unknown}
 j - a scroll of enchant armour {unknown}
 n - a scroll of fear {unknown}
 o - a scroll of teleportation {unknown}
 s - a scroll of blinking {unknown}
Potions
 e - a potion of mutation {unknown}
 g - a potion of attraction {unknown}
 i - 2 potions of cancellation {unknown}
 l - a potion of degeneration {unknown}
 p - a potion of lignification
 q - a potion of enlightenment {unknown}
 r - a potion of curing {unknown}


   Skills:
 - Level 0.8 Fighting
 - Level 1.7 Dodging
 * Level 6.2 Unarmed Combat
 + Level 4.4 Shapeshifting


You had 5 spell levels left.
You didn't know any spells.
Your spell library was empty.

Dungeon Overview and Level Annotations

Branches:
Dungeon (5/15)
 Temple: D:4-7


Innate Abilities, Weirdness & Mutations

You are a tree.
Your roots penetrate the ground, keeping you stationary.
You cannot be teleported.
You are immune to unholy pain and torment.
Your maximum health is greatly increased.
Your equipment is partially melded.
You have an increased reservoir of magic. (+10% MP)
You shall have no god before yourself.
Your divine heritage dramatically boosts your attributes as you level up.


Message History

You are too injured to fight recklessly!
You are too injured to fight recklessly!
You are too injured to fight recklessly!
You are too injured to fight recklessly!
You are too injured to fight recklessly!
You are too injured to fight recklessly!
A water moccasin is nearby!
A water moccasin is nearby!
You are too injured to fight recklessly!
You punch the water moccasin!
The water moccasin is almost dead.
You feel sick. The water moccasin bites you.
* * * LOW HITPOINT WARNING * * *
You are lethally poisoned!
The water moccasin poisons you!
You closely miss the water moccasin.
The water moccasin is severely wounded.
* * * LOW HITPOINT WARNING * * *
You feel very sick. The water moccasin bites you.
* * * LOW HITPOINT WARNING * * *
You are more poisoned.
The water moccasin poisons you!
Your transformation has ended.
You turn into a tree.
Your +1 leather armour of cold resistance melds into your body.
You feel less resistant to cold.
Your roots penetrate the ground.
* * * LOW HITPOINT WARNING * * *
You feel extremely sick.
The water moccasin bites you but does no damage.
The water moccasin bites you.
* * * LOW HITPOINT WARNING * * *
You closely miss the water moccasin.
The water moccasin is severely wounded.
* * * LOW HITPOINT WARNING * * *
You feel very sick.
The water moccasin bites you but does no damage.
You hit the water moccasin but do no damage.
The water moccasin is severely wounded.
You die...

#.......#.............
##...#..'.............
#...#..##########'###
#...#................
#...#................
#...#................
#.[.##+..############
####......#..
#......♣#...#
#.....#S..#...#
#...#...#...#..
#.....#...#...#
#...#...# . #..
#.....#.. #. # ##.#
..# (# #. #.. .


You could see a water moccasin.

Vanquished Creatures
  A water moccasin (D:5)
  2 scorpions
  A hound (D:5)
  A jelly (D:5)
  Natasha (thrice) (D:2)
  Ijyb (D:3)
  2 orc wizards (D:4)
  3 adders
  A worm (D:3)
  3 dart slugs
  10 orcs
  A bat (D:2)
  3 endoplasms
  A giant cockroach (D:2)
  4 goblins
  5 hobgoblins
  12 jackals
  4 kobolds
  3 quokkas
  7 ball pythons
  4 frilled lizards
  5 rats
77 creatures vanquished.

Notes
Turn   | Place    | Note
-------+----------+-------------------------------------------
     0 | D:1      | lunkers the Demigod Shapeshifter began the quest for the
                  | Orb.
     0 | D:1      | Reached XP level 1. HP: 15/15 MP: 3/3
   140 | D:1      | Reached skill level 3 in Unarmed Combat
   157 | D:1      | Reached XP level 2. HP: 13/22 MP: 4/4
   591 | D:2      | Reached XP level 3. HP: 26/27 MP: 5/5
   870 | D:2      | Noticed Natasha
   879 | D:2      | Killed Natasha
   880 | D:2      | Reached skill level 4 in Unarmed Combat
   937 | D:2      | Noticed Natasha
   943 | D:2      | Killed Natasha
   944 | D:2      | Reached XP level 4. HP: 21/34 MP: 6/6
  1166 | D:2      | Noticed Natasha
  1173 | D:2      | Killed Natasha
  1527 | D:3      | Noticed Ijyb
  1533 | D:3      | Killed Ijyb
  1534 | D:3      | Reached XP level 5. HP: 39/39 MP: 7/7
  1939 | D:4      | Reached skill level 5 in Unarmed Combat
  2281 | D:4      | Reached XP level 6. HP: 40/46 MP: 8/8
  2348 | D:5      | Entered Level 5 of the Dungeon
  2622 | D:5      | Noticed a water moccasin
  2631 | D:5      | Killed a water moccasin
  2632 | D:5      | Reached skill level 6 in Unarmed Combat
  2653 | D:5      | Noticed a water moccasin
  2666 | D:5      | HP: 1/69 [poisoned by a water moccasin]
  2667 | D:5      | Succumbed to a water moccasin's poison

Illustrated notes

Levels and vault maps discovered:
D:1:      pf_arrival_petrified_forest, layout_rooms
D:2:      layout_loops_ring, basic_altar, nicolae_ecumenical_snake_handling,
          serial_shops, shop, uniq_jessica, uniq_natasha
D:3:      layout_basic, uniq_ijyb
D:4:      layout_rooms
D:5:      layout_basic, serial_shops, nicolae_shop_tiny_waterfront, hex_medium

Skill      XL: |  1  2  3  4  5  6 |
---------------+-------------------+-----
Unarmed Combat | 3 4 5 6 |  6.2
Shapeshifting  | 3 4 |  4.4
Fighting       | |  0.8
Dodging        | |  1.7

Action                     |  1- 3 |  4- 6 || total
---------------------------+-------+-------++-------
  Melee: Unarmed           |   117 |   174 ||   291
         Punch             |     3 |     4 ||     7
    Use: Scroll            |     1 |       ||     1
         Potion            |       |     4 ||     4
   Stab: Sleeping          |     2 |     2 ||     4
 Armour: Animal skin       |    56 |    19 ||    75
         Skin              |       |     6 ||     6
         Leather armour    |       |    87 ||    87
  Dodge: Dodged            |    66 |    93 ||   159

Table legend: (Time is in decaauts)
 A = Elapsed time spent in this place.
 B = Non-inter-level travel time spent in this place.
 C = Inter-level travel time spent in this place.
 D = Time resting spent in this place.
 E = Time spent auto-exploring this place.
 F = Levels seen in this place.
 G = Mean time per level.
                   A        B        C        D        E       F      G
               +--------+--------+--------+--------+--------+-----+--------+
         Total |   2645 |   2616 |     29 |     29 |   2000 |   5 |  529.0 |
       Dungeon |   2645 |   2616 |     29 |     29 |   2000 |   5 |  529.0 |
               +--------+--------+--------+--------+--------+-----+--------+

Top non-repeatable levels by time:
     D:3: 708 daAuts
     D:2: 624 daAuts
     D:1: 547 daAuts
     D:4: 450 daAuts
     D:5: 315 daAuts
